Map: [ESL] Data-C

Players

LiquidClem (Clem) - Winner!

  • Race: Terran Terran
  • League: Grandmaster
  • Spawn Location: 3:00

Scarlett

  • Race: Zerg Zerg
  • Spawn Location: 9:00

Event: HomeStory Cup XXII

VOD

Have the link to the VOD?

Description

Time

  • Played on: Dec. 17, 2022, 2:53 p.m.
  • Length: 19:55

All games in this series

Show
View Real Time Build Order
Export as new Build Order

LiquidClem Terran - Winner!

Build Orders:  

Get SALT Encoding   

  12  0:00  SCV  
  13  0:12  SCV  
  14  0:17  Supply Depot  
  14  0:24  SCV  
  15  0:38  SCV, Barracks  
  16  0:43  Refinery  
  16  0:50  SCV  
  17  1:02  SCV  
  18  1:14  SCV  
  20  1:25  Reaper  
  20  1:27  Orbital Command  
  20  1:41  Command Center  
  20  1:49  Supply Depot  
  20  1:53  SCV  
  21  1:57  Marine  
  22  2:05  SCV  
  23  2:11  Factory  
  23  2:17  SCV  
  23  2:20  Barracks Reactor  
  24  2:29  SCV  
  25  2:41  Command Center  
  25  2:44  SCV  
  26  2:53  Orbital Command  
  26  2:57  SCV  
  27  3:03  Barracks  
  27  3:05  Barracks Tech Lab  
  27  3:09  SCV  
  28  3:13  Hellion  
  28  3:17  Hellion  
  32  3:20  SCV  
  32  3:21  SCV  
  32  3:25  Refinery  
  34  3:27  Marine  
  34  3:31  Stimpack  
  34  3:32  SCV  
  34  3:34  SCV  
  37  3:37  Hellion  
  41  3:41  Hellion  
  41  3:44  SCV  
  41  3:46  Marine  
  43  3:50  SCV  
  43  3:52  Orbital Command  
  44  3:56  SCV  
  44  4:02  SCV  
  46  4:03  Starport  
  46  4:08  Marine  
  46  4:09  SCV, Marine x2  
  48  4:12  Factory Reactor  
  48  4:16  SCV  
  51  4:19  SCV  
  51  4:21  Supply Depot, SCV  
  53  4:26  Marine  
  53  4:27  Marine x2, Orbital Command  
  53  4:28  SCV  
  58  4:34  SCV  
  58  4:39  Medivac  
  58  4:40  SCV  
  58  4:44  Marine  
  58  4:45  Supply Depot, Armory, Marine x2  
  63  4:49  Hellion x2  
  63  4:50  SCV  
  69  4:54  Supply Depot  
  69  4:57  Barracks  
  69  4:58  Refinery  
  69  5:06  SCV x3, Marine x3  
  75  5:08  Supply Depot  
  75  5:13  Combat Shield  
  75  5:18  SCV x3  
  75  5:19  Factory Reactor  
  78  5:23  Supply Depot  
  78  5:24  Marine x2  
  78  5:28  Engineering Bay x2, Marine  
  80  5:30  SCV  
  80  5:33  SCV  
  83  5:42  Marine x2  
  85  5:44  Barracks, SCV, Refinery  
  85  5:46  Barracks, Marine  
  85  5:49  SCV  
  90  5:50  SCV  
  90  5:52  Barracks Reactor  
  90  5:56  SCV  
  84  5:58  Medivac x2  
  84  5:59  Marine x2  
  84  6:01  SCV  
  87  6:06  Widow Mine x2, Marine  
  87  6:08  SCV  
  87  6:09  SCV  
  89  6:13  SCV  
  89  6:15  Terran Infantry Weapons Level 1  
  89  6:16  Terran Infantry Armor Level 1  
  89  6:17  Marine x2  
  92  6:20  SCV  
  92  6:21  Supply Depot, SCV  
  92  6:24  Marine  
  92  6:25  SCV  
  96  6:28  Supply Depot  
  91  6:34  Widow Mine x2  
  91  6:35  Barracks Reactor x2, Marine x4  
  91  6:36  SCV  
  91  6:38  SCV  
  101  6:42  SCV, Medivac x2, Marine  
  107  6:47  Supply Depot  
  107  6:50  Missile Turret  
  107  6:53  Marine x2  
  109  6:56  Refinery, Factory, Marine x2  
  109  6:58  Widow Mine x2  
  115  7:06  Marine  
  115  7:07  Command Center  
  116  7:10  Supply Depot  
  116  7:11  Marine x2  
  116  7:12  Marine x2  
  116  7:13  Marine  
  116  7:14  Marine x2  
  123  7:17  SCV  
  123  7:19  SCV  
  125  7:23  Sensor Tower  
  125  7:24  Supply Depot  
  125  7:30  Marine  
  125  7:31  Marine x4  
  125  7:32  Widow Mine x2, Marine  
  125  7:35  Marine x2  
  125  7:37  Marine  
  133  7:39  Medivac  
  133  7:43  Factory Tech Lab  
  129  7:48  Supply Depot, Medivac, Marine  
  129  7:49  Marine  
  133  7:51  Supply Depot  
  133  7:53  SCV, Widow Mine, Marine  
  133  7:55  Widow Mine  
  133  8:03  Marine  
  133  8:05  Marine x3, Drilling Claws  
  133  8:07  Widow Mine  
  133  8:09  Liberator, Marine x4  
  140  8:14  Marine  
  140  8:15  Widow Mine  
  140  8:18  Liberator  
  142  8:21  Marine  
  142  8:22  Widow Mine  
  142  8:23  Marine x2  
  142  8:25  Marine  
  142  8:26  Terran Infantry Weapons Level 2  
  148  8:30  SCV x2  
  148  8:31  SCV  
  149  8:36  Barracks x2  
  149  8:38  Widow Mine  
  149  8:41  Marine x4  
  148  8:42  Barracks  
  148  8:46  SCV, Widow Mine x2  
  148  8:47  SCV  
  158  8:48  SCV  
  158  8:53  Planetary Fortress  
  159  8:58  SCV  
  159  8:59  SCV, Widow Mine  
  159  9:00  Supply Depot  
  163  9:03  Supply Depot, Terran Infantry Armor Level 2  
  163  9:08  Widow Mine x2, Marine  
  163  9:09  SCV  
  164  9:22  Marine x2  
  166  9:24  Supply Depot, Barracks Tech Lab  
  166  9:25  Barracks Tech Lab  
  166  9:26  Command Center  
  166  9:30  Barracks Tech Lab  
  166  9:31  Supply Depot, Widow Mine, Marine x2  
  170  9:34  SCV  
  173  9:38  Widow Mine  
  173  9:39  Marine x4  
  173  9:41  Widow Mine  
  173  9:42  Medivac  
  173  9:45  Marine x3  
  178  9:46  Marine  
  178  9:47  Marine  
  178  9:49  Marine  
  178  9:52  Widow Mine  
  175  9:53  Medivac  
  175  9:54  Marine  
  175  9:58  Supply Depot, Terran Vehicle And Ship Armor Level 1  
  180  10:00  Widow Mine  
  180  10:02  Widow Mine, Marine  
  166  10:07  Marine  
  166  10:08  Marine  
  166  10:11  Marine x3  
  166  10:13  Widow Mine  
  169  10:14  Marine x2  
  169  10:20  Marine x2  
  169  10:21  Widow Mine, Marauder x3  
  179  10:23  Ghost Academy  
  179  10:25  SCV, Marine  
  179  10:26  SCV, Marine  
  179  10:27  Refinery, SCV  
  179  10:28  SCV, Marine  
  185  10:32  Widow Mine, Marine  
  185  10:33  Medivac  
  185  10:34  Marine x2  
  185  10:35  Marine  
  188  10:38  Marine  
  188  10:39  Marauder  
  188  10:42  Widow Mine  
  185  10:45  Marine  
  180  10:51  Widow Mine, Marine x2  
  184  10:57  Command Center  
  184  10:58  Widow Mine  
  184  11:03  Widow Mine, Marauder x3  
  184  11:04  Marauder  
  196  11:07  Marine  
  196  11:08  Marine x2  
  196  11:09  Marine x2  
  196  11:10  Marine x2  
  189  11:11  Marine  
  189  11:12  Widow Mine  
  189  11:15  Medivac x2  
  179  11:19  Widow Mine  
  179  11:24  Marauder x3, Marine  
  179  11:25  Widow Mine, Marine  
  191  11:27  Planetary Fortress  
  191  11:28  Refinery  
  190  11:34  Widow Mine  
  190  11:37  Marine  
  180  11:41  Widow Mine  
  180  11:43  Marauder  
  180  11:46  Marauder x3  
  186  11:51  Widow Mine, Marine x5  
  186  11:52  Marine x2  
  195  11:55  Terran Infantry Weapons Level 3  
  195  11:58  Widow Mine  
  197  12:02  Terran Infantry Armor Level 3  
  197  12:04  Marauder  
  197  12:07  Marauder x2  
  196  12:08  Marauder  
  196  12:09  Marine  
  196  12:10  Marine  
  196  12:14  Widow Mine  
  200  12:18  Widow Mine, Marine  
  200  12:19  Marine x2  
  200  12:20  Marine  
  200  12:22  Widow Mine, Marine  
  182  12:26  Marauder  
  182  12:28  Marauder x2  
  180  12:30  Marauder  
  180  12:32  Marine  
  180  12:33  Marine x2  
  180  12:35  Widow Mine  
  180  12:36  Marine x2  
  176  12:38  Orbital Command  
  176  12:43  Refinery  
  177  12:44  Refinery  
  177  12:45  Sensor Tower  
  177  12:47  Missile Turret, Marauder  
  177  12:50  Marauder x2, Marine  
  177  12:51  Widow Mine x2, Marauder  
  186  13:01  Widow Mine  
  186  13:08  Ghost  
  186  13:10  Ghost  
  186  13:11  Marauder, Ghost  
  191  13:13  Widow Mine  
  191  13:14  Widow Mine, Marine x2  
  191  13:16  Medivac  
  191  13:19  Marine x3  
  195  13:22  Widow Mine  
  195  13:26  Medivac  
  193  13:29  Marine x2  
  193  13:30  Marine  
  193  13:32  Marine  
  193  13:33  Marauder  
  200  13:34  Widow Mine  
  200  13:37  Command Center  
  193  13:41  Widow Mine  
  193  13:45  Widow Mine, Marine  
  196  13:49  Medivac  
  196  13:50  Terran Vehicle And Ship Armor Level 2  
  198  13:59  Widow Mine  
  198  14:00  Medivac  
  195  14:03  Widow Mine  
  195  14:04  Marauder, Marine  
  195  14:07  Marine  
  195  14:08  Marine x2  
  181  14:10  Marine  
  181  14:12  Widow Mine, Marine x3  
  181  14:13  Marine  
  185  14:18  Marauder  
  185  14:20  Widow Mine  
  185  14:22  Command Center  
  189  14:24  Command Center  
  189  14:25  Widow Mine  
  189  14:27  Marauder  
  186  14:32  Medivac  
  186  14:33  Hellion  
  174  14:41  Widow Mine, Marauder x2, Marine x2  
  182  14:46  Widow Mine  
  184  14:55  Widow Mine  
  184  14:56  Hi-Sec Auto Tracking, Neosteel Armor  
  184  14:57  Personal Cloaking, Missile Turret  
  186  15:03  Widow Mine  
  184  15:08  Widow Mine, Marauder x3, Marine x2  
  184  15:09  Marauder  
  184  15:12  Liberator  
  199  15:23  Marine  
  198  15:28  Ghost  
  198  15:34  Widow Mine, Ghost  
  185  15:35  Marine  
  185  15:38  Widow Mine  
  185  15:39  Ghost x2  
  185  15:42  Marine  
  171  15:43  Marine  
  171  15:44  Marine  
  171  15:45  Marine  
  171  15:46  Widow Mine, Marine x2  
  171  15:47  Marine  
  174  15:51  Concussive Shells  
  174  15:53  Planetary Fortress  
  174  15:54  Marine  
  174  15:55  Widow Mine  
  177  15:57  Unknown, Marine  
  177  15:59  Liberator x2  
  177  16:00  Marine  
  177  16:03  Orbital Command  
  181  16:04  Orbital Command  
  181  16:05  Missile Turret  
  181  16:07  Missile Turret  
  181  16:08  Widow Mine, Marine x2  
  189  16:18  Widow Mine x2  
  189  16:19  Marauder  
  189  16:22  Enhanced Shockwaves  
  189  16:23  Marauder  
  189  16:24  Marauder  
  195  16:28  Marine  
  195  16:29  Widow Mine, Marauder, Marine  
  188  16:34  Marine  
  175  16:40  Widow Mine  
  175  16:41  Widow Mine, Marauder, Marine  
  175  16:42  Medivac x2, Marine  
  175  16:44  Marauder  
  175  16:45  Marauder, Marine  
  187  16:49  Ghost  
  187  16:51  Widow Mine  
  187  16:52  SCV  
  187  16:53  SCV  
  193  16:54  SCV  
  193  16:58  Sensor Tower  
  194  17:01  Ghost  
  194  17:06  Widow Mine, Marauder  
  194  17:08  Terran Vehicle And Ship Armor Level 3  
  200  17:19  Marauder  
  200  17:20  Ghost  
  184  17:24  Widow Mine  
  184  17:26  Ghost  
  184  17:29  SCV x2  
  156  17:30  Widow Mine, Marine, Ghost  
  156  17:31  Marine x4  
  156  17:32  SCV  
  162  17:39  Ghost  
  162  17:41  Factory Reactor  
  151  17:46  Widow Mine  
  151  17:48  Marine, Ghost  
  155  17:53  SCV  
  155  17:55  Ghost  
  156  17:58  Ghost  
  156  17:59  Marine x4  
  156  18:03  Marine  
  152  18:06  Marine x2  
  152  18:07  SCV  
  152  18:08  Ghost  
  152  18:09  SCV  
  152  18:10  SCV  
  152  18:12  Widow Mine  
  155  18:16  Marine  
  155  18:18  Marauder  
  158  18:24  Marauder, Marine x2  
  158  18:25  Marine x4  
  165  18:28  Marauder  
  165  18:31  Liberator x2  
  165  18:33  Widow Mine  
  172  18:35  Orbital Command  
  172  18:37  Marauder  
  172  18:39  Marauder  
  172  18:40  Widow Mine  
  165  18:43  Marine  
  165  18:45  Marauder  
  165  18:46  Marine x2  
  165  18:48  Ghost  
  159  18:56  Marine  
  159  18:58  Ghost  
  159  18:59  Ghost  
  159  19:01  Widow Mine  
  161  19:06  Ghost  
  161  19:09  Widow Mine  
  162  19:10  Widow Mine x2, Marine x3  
  162  19:11  Marine  
  162  19:12  Marine  
  170  19:17  SCV, Ghost  
  170  19:18  SCV  
  176  19:24  Widow Mine, Marine  
  176  19:26  Marine x2, Ghost  
  176  19:28  Marine  
  184  19:33  Widow Mine  
  184  19:34  Marine x2  
Show
View Real Time Build Order
Export as new Build Order

Scarlett Zerg 

Build Orders: Hatch First 

Get SALT Encoding   

  12  0:00  Drone  
  13  0:12  Overlord  
  13  0:17  Drone  
  14  0:30  Drone x2  
  16  0:47  Hatchery  
  15  0:51  Drone  
  15  0:54  Drone  
  17  0:58  Drone  
  18  1:09  Extractor  
  17  1:13  Spawning Pool  
  17  1:16  Drone  
  17  1:19  Drone  
  18  1:29  Drone  
  19  1:38  Drone  
  20  1:49  Drone  
  21  1:59  Queen x2  
  21  2:00  Zergling x4  
  27  2:09  Zergling x2  
  27  2:12  Overlord  
  28  2:21  Hatchery  
  27  2:23  Drone  
  28  2:31  Drone x2  
  30  2:37  Drone  
  30  2:40  Queen  
  33  2:45  Metabolic Boost  
  33  2:50  Overlord  
  33  2:57  Drone x3  
  35  3:09  Drone x3  
  35  3:10  Queen  
  40  3:14  Overlord  
  40  3:19  Drone x2  
  42  3:29  Drone  
  42  3:32  Queen  
  45  3:37  Queen, Drone  
  45  3:38  Drone x2  
  50  3:47  Drone x4  
  54  3:50  Queen  
  54  3:55  Drone, Overlord  
  57  4:01  Overlord  
  57  4:06  Overlord  
  57  4:15  Drone x5  
  62  4:18  Drone x2  
  62  4:19  Extractor, Evolution Chamber x2  
  62  4:23  Drone x3  
  64  4:27  Drone x3  
  67  4:38  Hatchery  
  67  4:42  Drone x3  
  67  4:45  Zerg Ground Armor Level 1  
  69  4:49  Zerg Melee Weapons Level 1  
  69  4:50  Drone x3  
  72  4:56  Drone x5  
  77  5:02  Queen  
  77  5:03  Overlord x2  
  79  5:07  Overlord  
  79  5:08  Drone, Extractor  
  79  5:09  Drone  
  79  5:14  Overlord x2  
  80  5:19  Drone  
  80  5:21  Lair  
  81  5:23  Baneling Nest  
  81  5:26  Zergling x2  
  81  5:27  Zergling x8  
  85  5:31  Zergling x10  
  85  5:32  Queen  
  85  5:35  Zergling x4  
  94  5:39  Zergling x4  
  94  5:40  Queen  
  98  5:43  Zergling x2  
  99  5:55  Zergling x8  
  99  5:56  Zergling x2  
  103  5:58  Queen  
  101  6:08  Queen  
  101  6:10  Zergling x2  
  101  6:11  Zergling x14  
  103  6:16  Zergling x8, Queen  
  109  6:21  Centrifugal Hooks  
  109  6:22  Queen, Extractor  
  109  6:24  Zergling x2  
  111  6:26  Overlord x3  
  108  6:38  Drone x3, Extractor  
  111  6:42  Zerg Ground Armor Level 2  
  111  6:43  Queen, Hatchery  
  110  6:50  Drone x3  
  110  6:52  Zerg Melee Weapons Level 2  
  111  6:58  Overlord x5  
  111  7:03  Zergling x16  
  119  7:11  Drone, Pneumatized Carapace  
  119  7:12  Drone x2  
  122  7:16  Zergling x8  
  126  7:23  Drone x6  
  126  7:25  Baneling x8  
  111  7:44  Zergling x14  
  111  7:45  Overseer  
  111  7:50  Zergling x24  
  111  7:51  Zergling x2  
  124  8:07  Hatchery  
  124  8:08  Zergling x8  
  124  8:09  Baneling x7  
  123  8:16  Drone x5  
  123  8:17  Drone x5  
  123  8:19  Drone  
  133  8:20  Hydralisk Den  
  133  8:21  Drone x3  
  133  8:23  Extractor  
  133  8:25  Zergling x4  
  133  8:26  Infestation Pit  
  135  8:28  Baneling  
  135  8:29  Overseer x2, Baneling x5  
  135  8:30  Zergling x2  
  135  8:31  Zergling x6  
  133  8:45  Zergling x20  
  133  8:48  Baneling x8  
  143  8:50  Muscular Augments, Hydralisk x3  
  143  8:53  Hydralisk x4  
  157  9:01  Hydralisk x2  
  159  9:13  Hydralisk x3  
  159  9:15  Drone x9  
  174  9:19  Extractor  
  174  9:22  Spore Crawler  
  174  9:24  Drone, Zerg Missile Weapons Level 1  
  173  9:25  Overlord x3  
  173  9:31  Hive  
  173  9:36  Hydralisk x3  
  173  9:37  Overlord x2  
  161  9:52  Zergling x40  
  175  10:05  Zergling x20  
  169  10:08  Zergling x2  
  169  10:09  Zergling x4  
  169  10:12  Baneling x2  
  169  10:13  Baneling x14  
  165  10:17  Grooved Spines  
  164  10:24  Zergling x2, Hydralisk  
  164  10:25  Zergling x12  
  164  10:26  Baneling x6  
  164  10:27  Baneling x4  
  157  10:50  Zergling x2  
  157  10:51  Zergling x42  
  157  10:53  Zerg Ground Armor Level 3  
  179  10:58  Overseer  
  179  11:00  Adrenal Glands  
  168  11:11  Zergling x10  
  168  11:12  Zergling x14  
  165  11:24  Zerg Missile Weapons Level 2  
  165  11:25  Hydralisk x4  
  164  11:26  Zergling x16  
  164  11:30  Baneling x3  
  176  11:39  Zergling x20  
  165  11:43  Zergling x8  
  165  11:46  Baneling x9  
  165  11:47  Zergling x2, Baneling x4  
  169  11:48  Zergling x10  
  169  11:53  Spore Crawler, Drone x3  
  177  11:54  Spore Crawler  
  177  11:55  Spore Crawler  
  177  11:57  Zergling x8  
  179  12:02  Overseer x2  
  167  12:09  Zergling x12  
  167  12:12  Baneling x6  
  167  12:13  Drone  
  174  12:21  Zergling x20, Overseer x2  
  174  12:22  Zergling x4  
  174  12:23  Baneling x4  
  174  12:28  Zergling x18  
  179  12:34  Baneling x8, Overseer  
  179  12:35  Zergling x4  
  178  12:40  Zergling x14  
  178  12:43  Extractor  
  184  12:46  Zergling x8  
  188  12:53  Hatchery  
  188  12:54  Overlord  
  188  12:55  Overlord x2  
  178  13:01  Zergling x2, Baneling x16  
  178  13:02  Zergling x12  
  173  13:14  Extractor  
  173  13:15  Zergling x18  
  173  13:17  Baneling x9  
  173  13:18  Zergling x2  
  173  13:19  Zergling x6  
  165  13:33  Zergling x24  
  176  13:36  Overseer  
  176  13:40  Zergling x18  
  176  13:41  Baneling x6  
  183  13:44  Zerg Missile Weapons Level 3  
  183  13:45  Drone, Zerg Melee Weapons Level 3  
  183  13:47  Baneling x10, Lurker Den  
  183  13:48  Zergling x10  
  188  13:53  Overseer x2  
  183  14:06  Zergling x30  
  177  14:10  Hydralisk x4  
  177  14:14  Hydralisk x2  
  177  14:15  Baneling  
  177  14:17  Extractor x2  
  182  14:19  Drone  
  182  14:21  Hydralisk  
  182  14:22  Zergling x6  
  187  14:29  Hydralisk x3  
  187  14:30  Zergling x6  
  182  14:41  Overlord x2  
  182  14:42  Overlord x2  
  182  14:47  Seismic Spines  
  182  14:54  Overlord  
  182  14:56  Hatchery  
  179  15:16  Zergling x2  
  179  15:17  Zergling x26  
  189  15:22  Spore Crawler  
  189  15:27  Zergling x26  
  195  15:31  Overseer  
  192  15:42  Zergling x26  
  192  15:46  Overseer x3, Overlord x2  
  191  15:53  Adaptive Talons  
  191  15:55  Drone x5  
  189  15:59  Overseer  
  189  16:05  Infestor x2  
  193  16:11  Overseer  
  193  16:17  Lurker x7  
  200  16:26  Baneling x3  
  186  16:43  Zergling x50  
  186  16:44  Zergling x2  
  185  16:50  Lurker x6, Hydralisk x2  
  194  16:58  Overseer x2  
  194  17:00  Overseer  
  192  17:02  Nydus Network  
  192  17:06  Hatchery  
  189  17:10  Baneling x6  
  189  17:11  Baneling x4  
  188  17:20  Hydralisk x5  
  188  17:21  Hydralisk x2  
  180  17:27  Hydralisk x2  
  180  17:28  Zergling x4  
  168  17:37  Hydralisk x3  
  168  17:42  Hydralisk  
  168  17:43  Hydralisk  
  165  17:59  Overlord x5  
  150  18:06  Overlord x2  
  141  18:17  Lurker x5  
  141  18:18  Baneling x10  
  136  18:44  Hydralisk x2  
  136  18:45  Zergling x20  
  148  18:51  Overseer x2  
  145  18:56  Overseer  
  129  19:06  Hydralisk x6  
  133  19:19  Hydralisk x5  
  129  19:25  Lurker x7  
Tags
 
Add a new tag
Caveats
  • Supply blocks, unpowered buildings, or Contaminate may cause inaccurate times.
  • Supply counts are checked every 10 seconds.